 Dungeon Crawl Stone Soup version 0.25-a0-464-g3004169c2b (webtiles) character file.

Game seed: 3755429744501252505, levelgen mode: deterministic

3740 Elellon the Thaumaturge (level 9, -8/56 HPs)
             Began as a Deep Elf Conjurer on Feb 5, 2020.
             Was a Believer of Vehumet.
             Mangled by a two-headed ogre
             ... wielding a +0 giant club
              (12 damage)
             ... on level 8 of the Dungeon.
             The game lasted 00:17:54 (9727 turns).

Elellon the Thaumaturge (Deep Elf Conjurer)         Turns: 9727, Time: 00:17:55

Health: -8/56      AC:  3    Str:  7    XL:     9   Next: 93%
Magic:  17/25      EV: 14    Int: 22    God:    Vehumet [**....]
Gold:   437        SH:  0    Dex: 15    Spells: 21/29 levels left

rFire    . . .     SeeInvis +   s - +3 dagger (speed)
rCold    + . .     Gourm    .   (no shield)
rNeg     . . .     Faith    .   m - +2 robe {rC+}
rPois    .         Spirit   .   (no helmet)
rElec    .         Reflect  .   l - -2 cloak (curse)
rCorr    .         Harm     .   (no gloves)
MR       .....                  (no boots)
Stlth    ++........             r - amulet of regeneration
HPRegen  0.58/turn              b - ring of flight
MPRegen  0.19/turn              t - ring of see invisible

@: no status effects
A: no striking features
a: Renounce Religion, Evoke Flight


You were on level 8 of the Dungeon.
You worshipped Vehumet.
Vehumet was pleased with you.
You were not hungry.

You visited 2 branches of the dungeon, and saw 9 of its levels.

You collected 437 gold pieces.

Inventory:

Hand Weapons
 s - a +3 dagger of speed (weapon)
Armour
 j - a +1 cloak
 l - a cursed -2 cloak (worn)
 m - a +2 robe of cold resistance (worn)
 z - a +0 cloak of magic resistance
Jewellery
 b - a ring of flight (left hand)
 r - an amulet of regeneration (around neck)
 t - a ring of see invisible (right hand)
 u - an uncursed ring of fire {unknown}
Wands
 k - a wand of polymorph (4)
 p - a wand of enslavement (5)
 y - a wand of clouds (2)
Scrolls
 a - 3 scrolls of fog
 f - 4 scrolls of identify
 g - 2 scrolls of enchant weapon
 n - 4 scrolls of enchant armour
 w - a scroll of amnesia
 x - a scroll of teleportation
Potions
 d - 2 potions of might {unknown}
 e - 2 potions of flight
 h - 2 potions of haste
 i - 3 potions of heal wounds
 o - a potion of berserk rage {unknown}
 q - 3 potions of curing {unknown}
 v - a potion of mutation {unknown}
Comestibles
 c - 13 rations
 A - 13 chunks of flesh


   Skills:
 + Level 6.5 Fighting
 + Level 3.6 Dodging
 - Level 2.4 Stealth
 + Level 10.8 Spellcasting
 + Level 9.9 Conjurations
 * Level 2.1 Fire Magic


You had 21 spell levels left.
You knew the following spells:

 Your Spells              Type           Power        Failure   Level  Hunger
a - Magic Dart            Conj           ####         1%          1    None
b - Searing Ray           Conj           ######       1%          2    None
c - Iskenderun's Mystic   Conj/Tloc      ####....     7%          4    #......
d - Foxfire               Conj/Fire      ####         1%          1    None

Your spell library contained the following spells:

 Spells                   Type           Power        Failure   Level  Hunger
 Dazzling Flash           Conj/Hex       ####..       2%          3    None
 Animate Skeleton         Necr           N/A          5%          1    None
 Apportation              Tloc           ##....       5%          1    None
 Corona                   Hex            ##.....      5%          1    None
 Pain                     Necr           ##..         5%          1    None
 Summon Small Mammal      Summ           ##..         5%          1    None
 Fulminant Prism          Conj/Hex       ####......   7%          4    #......
 Ensorcelled Hibernation  Hex/Ice        ##....       9%          2    None
 Recall                   Summ/Tloc      N/A          17%         3    None
 Vampiric Draining        Necr           ##........   17%         3    None
 Animate Dead             Necr           N/A          50%         4    #......
 Summon Ice Beast         Ice/Summ       ##......     50%         4    #......
 Agony                    Necr           ##......     83%         5    ####...


Dungeon Overview and Level Annotations

Branches:
Dungeon (8/15)             Temple (1/1) D:4            Lair (0/6) D:8

Altars:
Ashenzari
Cheibriados
Dithmenos
Elyvilon
Fedhas
Hepliaklqana
Makhleb
Nemelex Xobeh
Qazlal
Ru
Sif Muna
Trog
Uskayaw
Vehumet
Xom
Yredelemnul
Zin
The Shining One

Shops:
D:5 (


Message History

Aim: a two-headed ogre, wielding two +0 giant clubs The searing ray hits the two-headed ogre!
The two-headed ogre is lightly wounded. (Press . to maintain the ray.)
The searing ray hits the two-headed ogre!
The two-headed ogre is moderately wounded.
The searing ray hits the two-headed ogre!
The two-headed ogre is heavily wounded.
The two-headed ogre hits you with a +0 giant club!!
Ouch! That really hurt!
The two-headed ogre hits you with a +0 giant club!!
* * * LOW HITPOINT WARNING * * *
Casting: Searing Ray (safe; 1% risk of failure)
Confirm with . or Enter, or press ? or * to list all spells.
You erupt in a blast of force!
The mystic blast hits the two-headed ogre!
The two-headed ogre is severely wounded.
The two-headed ogre barely misses you.
The two-headed ogre hits you with a +0 giant club!
You die...

≈P≈≈≈≈≈≈♣÷♣## ≈P
≈♣≈≈≈≈≈P≈≈♣##
####P♣≈≈≈≈≈≈≈≈≈≈P≈≈#
##...≈♣≈≈≈≈≈≈≈≈≈≈≈≈♣#
#+##≈...P≈≈≈≈≈≈≈≈≈≈≈≈♣♣#
.≈.≈....♣≈≈≈≈≈≈≈≈≈≈≈≈♣P#
........♣≈≈≈≈≈≈≈≈≈≈≈♣≈♣
#.....O.♣♣≈≈≈≈≈≈≈≈≈≈≈♣P#
#@≈♣≈≈≈≈≈≈≈≈≈≈≈♣♣#
#.≈♣≈≈≈≈≈≈≈≈≈≈≈♣ #
#..≈♣≈≈≈≈≈≈≈≈÷≈♣♣#
###P♣P≈≈≈≈≈≈≈P♣≈#.
#♣♣≈≈≈≈≈≈≈≈≈♣♣..
♣♣≈P≈≈≈≈≈♣≈♣P..
#≈≈≈≈≈P≈≈≈≈♣♣..
#♣♣≈♣≈≈≈♣≈≈♣##.
#PP≈P≈≈≈≈≈# #.


You could see a two-headed ogre.

Vanquished Creatures
  Pikel (D:5)
  Sigmund (D:4)
  A hungry ghost (D:8)
  A yak (D:8)
  A porcupine (D:8)
  Duvessa (D:5)
  A water moccasin (D:6)
  4 slaves
  2 orc warriors
  3 ogres
  2 centaurs (D:6)
  4 bullfrogs
  Dowan (D:5)
  A scorpion (D:2)
  4 killer bees (D:8)
  An electric eel (D:8)
  2 crimson imps
  2 quasits
  A centaur zombie (D:5)
  3 bullfrog skeletons
  4 hounds
  2 jellies
  3 orc priests
  6 orc wizards
  A centaur skeleton (D:4)
  Natasha (thrice) (D:3)
  A worker ant (D:4)
  A hound skeleton (D:8)
  5 gnolls
  15 adders
  2 shadow imps
  2 oozes
  An adder skeleton (D:6)
  7 worms
  3 leopard geckos
  15 orcs
  8 giant cockroaches
  A goblin (D:3)
  3 hobgoblins
  5 jackals
  2 quokkas
  2 ball pythons (D:1)
  5 bats
  4 frilled lizards
  4 kobolds
  A leopard gecko skeleton (D:4)
  7 rats
150 creatures vanquished.

Vanquished Creatures (others)
  Maurice (D:8)
  3 fungi (D:8)
4 creatures vanquished.

Grand Total: 154 creatures vanquished

Notes
Turn   | Place    | Note
-------+----------+-------------------------------------------
     0 | D:1      | Elellon the Deep Elf Conjurer began the quest for the Orb.
     0 | D:1      | Reached XP level 1. HP: 10/10 MP: 6/6
   230 | D:1      | Reached XP level 2. HP: 15/15 MP: 4/8
   269 | D:1      | Learned a level 2 spell: Searing Ray
   813 | D:2      | Reached XP level 3. HP: 20/20 MP: 7/10
   872 | D:2      | Reached skill level 4 in Spellcasting
   872 | D:2      | Reached skill level 5 in Conjurations
   923 | D:2      | Noticed a scorpion
   934 | D:2      | Killed a scorpion
   934 | D:2      | Reached skill level 1 in Fighting
   934 | D:2      | Reached XP level 4. HP: 4/25 MP: 0/12
  2015 | D:3      | Reached XP level 5. HP: 30/30 MP: 10/14
  2113 | D:3      | Found a faded altar of an unknown god.
  2206 | D:3      | Found a shadowy altar of Dithmenos.
  2224 | D:3      | Noticed Natasha
  2233 | D:3      | Killed Natasha
  2233 | D:3      | Reached skill level 5 in Spellcasting
  2471 | D:3      | Noticed Natasha
  2478 | D:3      | Killed Natasha
  2532 | D:3      | Noticed Natasha
  2535 | D:3      | Killed Natasha
  2841 | D:4      | Reached XP level 6. HP: 36/36 MP: 12/16
  3020 | D:4      | Noticed Sigmund
  3027 | D:4      | Killed Sigmund
  3027 | D:4      | Reached skill level 6 in Spellcasting
  3227 | D:4      | Reached XP level 7. HP: 41/41 MP: 9/18
  3283 | D:4      | Learned a level 4 spell: Iskenderun's Mystic Blast
  3470 | D:4      | Found a burning altar of Makhleb.
  3660 | D:4      | Found a staircase to the Ecumenical Temple.
  3687 | Temple   | Entered the Ecumenical Temple
  3887 | Temple   | Became a worshipper of Vehumet
  4394 | D:5      | Entered Level 5 of the Dungeon
  4432 | D:5      | Found a blossoming altar of Fedhas.
  4434 | D:5      | Found Ebyr's Antique Weapon Shoppe.
  4890 | D:5      | Noticed Pikel
  4891 | D:5      | Reached skill level 7 in Spellcasting
  5239 | D:5      | Noticed Dowan
  5240 | D:5      | Noticed Duvessa
  5298 | D:5      | Killed Duvessa
  5303 | D:5      | Killed Dowan
  5564 | D:5      | Reached XP level 8. HP: 42/48 MP: 16/21
  6240 | D:5      | Killed Pikel
  6240 | D:5      | Reached skill level 8 in Spellcasting
  6508 | D:6      | Reached skill level 5 in Fighting
  6508 | D:6      | Reached skill level 9 in Spellcasting
  6615 | D:6      | Identified Sif Muna's Collected Works on Calling and Snow
  6620 | D:6      | Reached * piety under Vehumet
  6620 | D:6      | Offered knowledge of Shock by Vehumet.
  6676 | D:6      | Found a shimmering altar of Xom.
  7127 | D:6      | Found a shimmering blue altar of Sif Muna.
  7161 | D:6      | Reached XP level 9. HP: 54/54 MP: 20/24
  7381 | D:7      | Found a snail-covered altar of Cheibriados.
  8526 | D:8      | Reached skill level 10 in Spellcasting
  8688 | D:8      | Found a staircase to the Lair.
  9068 | D:8      | Found a white marble altar of Elyvilon.
  9125 | D:8      | Offered knowledge of Foxfire by Vehumet.
  9128 | D:8      | Learned a level 1 spell: Foxfire
  9236 | D:8      | Reached ** piety under Vehumet
  9238 | D:8      | Reached skill level 1 in Fire Magic
  9401 | D:8      | Noticed Maurice
  9410 | D:8      | Killed Maurice
  9723 | D:8      | Noticed a two-headed ogre
  9727 | D:8      | Mangled by a two-headed ogre

Levels and vault maps discovered:
D:1:      ncdulo_watergridlock, layout_rooms
D:2:      layout_loops_cross, dk_noncrumbling_4
D:3:      minmay_chambers_of_twos, layout_rooms,
          nicolae_dithmenos_shadow_blocks, chequers_ecumenical_altar_simple,
          first_ration, uniq_natasha
D:4:      layout_basic, overflow_temple_1_default, minmay_temple_entry_junction,
          uniq_sigmund
D:5:      layout_layer_cave, serial_shops, shop, glass_columns_a,
          grunt_ministairs_4, fedhas_altar_1, uniq_pikel, uniq_duvessa
D:6:      layout_basic, lemuel_doored_altar, tgw_xom, minmay_fountain_box
D:7:      layout_basic, old_standard_altar
D:8:      layout_layer_cave, elyvilon_altar_4, grunt_lair_entry_orc_guard_hut,
          hangedman_little_slice_of_home, serial_bayou_lake_a, uniq_maurice
Temple:   minmay_temple_curvy_loop

Skill      XL: |  1  2  3  4  5  6  7  8  9 |
---------------+----------------------------+-----
Spellcasting   | 4 5 6 7 9 10 | 10.8
Conjurations   | 5 6 7 8 9 |  9.9
Fighting       | 1 2 3 4 5 6 |  6.5
Dodging        | 3 |  3.6
Fire Magic     | 2 |  2.1
Stealth        | |  2.4

Action                   |  1- 3 |  4- 6 |  7- 9 || total
-------------------------+-------+-------+-------++-------
Melee: Dagger            |       |       |     1 ||     1
 Cast: Magic Dart        |    52 |    84 |   115 ||   251
       Searing Ray       |       |    16 |    70 ||    86
       Iskenderun's Myst |       |       |     4 ||     4
  Use: Potion            |       |     2 |       ||     2
       Scroll            |       |     8 |     8 ||    16
  Eat: Chunk             |       |     7 |    13 ||    20
       Ration            |       |       |     2 ||     2
Armor: Robe              |     4 |     2 |     6 ||    12
Dodge: Dodged            |    14 |     7 |    40 ||    61

Table legend:
 A = Non-vault XP
 B = Vault XP
 C = Vault XP percentage of total XP
 D = Non-vault monster count
 E = Vault monster count
 F = Vault count percentage of total count
                 A         B        C        D         E       F
            +---------+---------+-------+---------+---------+-------
      Total |    3068 |    2275 |  42.6 |     124 |      23 |  15.6
            +---------+---------+-------+---------+---------+-------
        D:1 |      26 |       0 |   0.0 |      16 |       0 |   0.0
        D:2 |     148 |       0 |   0.0 |      14 |       0 |   0.0
        D:3 |     117 |      83 |  41.5 |      13 |       9 |  40.9
        D:4 |     408 |     231 |  36.2 |      24 |       1 |   4.0
        D:5 |     190 |     955 |  83.4 |       7 |       4 |  36.4
        D:6 |     735 |      57 |   7.2 |      13 |       4 |  23.5
        D:7 |     486 |       0 |   0.0 |      10 |       0 |   0.0
        D:8 |     958 |     949 |  49.8 |      27 |       5 |  15.6
            +---------+---------+-------+---------+---------+-------
